 Dungeon Crawl Stone Soup version 0.29-a0-286-g41199d4a87 (webtiles) character file.

Game seed: 10152265034660497701

346 Ajdolov the Firebug (level 6, -4/62 HPs)
             Began as an Ogre Fire Elementalist on Mar 16, 2022.
             Slain by a gnoll
             ... wielding a +0 spear
              (5 damage)
             ... on level 4 of the Dungeon.
             The game lasted 00:07:34 (5067 turns).

Ajdolov the Firebug (Ogre Fire Elementalist)        Turns: 5067, Time: 00:07:36

Health: -4/62      AC:  4    Str: 19    XL:     6   Next: 59%
Magic:  0/12       EV:  9    Int: 18    God:
Gold:   236        SH:  0    Dex:  9    Spells: 11/14 levels left

rFire   . . .      SeeInvis .   g - +0 dagger
rCold   . . .      Faith    .   (no shield)
rNeg    . . .      Spirit   .   a - +0 robe
rPois   .          Reflect  .   (helmet restricted)
rElec   .          Harm     .   o - +0 cloak
rCorr   .          Rampage  .   (gloves unavailable)
Will    .....                   (boots unavailable)
Stlth   +.........              (no amulet)
HPRegen 0.20/turn               l - +6 ring of strength
MPRegen 0.13/turn               (no ring)

@: no status effects
A: large, unfitting armour, tough skin 1
a: no special abilities


You were on level 4 of the Dungeon.
You visited 1 branch of the dungeon, and saw 4 of its levels.
You also visited: Sewer.

You collected 236 gold pieces.

Inventory:

Hand Weapons
 g - a +0 dagger (weapon)
Armour
 a - a +0 robe (worn)
 o - a +0 cloak (worn)
Jewellery
 l - a +6 ring of strength (left hand)
 p - a ring of protection from cold
Scrolls
 d - a scroll of teleportation {unknown}
 e - 9 scrolls of identify {unknown}
 i - 2 scrolls of amnesia {unknown}
 k - a scroll of silence {unknown}
 m - a scroll of summoning {unknown}
 q - a scroll of magic mapping {unknown}
 r - a scroll of acquirement {unknown}
 s - a scroll of enchant armour {unknown}
 v - a scroll of blinking {unknown}
 w - 2 scrolls of brand weapon {unknown}
Potions
 b - a potion of magic
 c - 6 potions of flight
 f - 3 potions of lignification {unknown}
 h - a potion of mutation {unknown}
 j - a potion of degeneration {unknown}
 n - a potion of attraction {unknown}
 t - a potion of heal wounds
 u - a potion of curing
 x - a potion of brilliance {unknown}


   Skills:
 * Level 4.3 Fighting
 - Level 1.7 Dodging
 - Level 1.4 Stealth
 * Level 4.5 Spellcasting
 - Level 0.8 Conjurations
 + Level 4.6 Fire Magic


You had 11 spell levels left.
You knew the following spells:

 Your Spells              Type           Power      Damage    Failure   Level
a - Foxfire               Conj/Fire      56%        2x1d6     4%          1
b - Scorch                Fire           40%        2d7       3%          2

Your spell library contained the following spells:

 Spells                   Type           Power      Damage    Failure   Level
 Conjure Flame            Conj/Fire      14%        6-21      14%         3
 Inner Flame              Hex/Fire       12%        N/A       16%         3
 Stone Arrow              Conj/Erth      10%        3d7       34%         3
 Flame Wave               Conj/Fire      14%        2d6       41%         4
 Animate Armour           Summ/Erth      8%         N/A       80%         4
 Summon Lightning Spire   Summ/Air       4%         N/A       80%         4
 Storm Form               Tmut/Air       2%         N/A       100%        7
 Lehudib's Crystal Spear  Conj/Erth      2%         10d2      100%        8
 Maxwell's Capacitive Co  Air            2%         ∞         100%        8


Dungeon Overview and Level Annotations

Branches:
Dungeon (4/15)              Sewer (visited)
 Temple: D:4-7

Altars:
Dithmenos
Hepliaklqana
Yredelemnul
The Shining One

Shops:
D:4 =


Innate Abilities, Weirdness & Mutations

You are too large for most types of armour.
You have tough skin. (AC +1)


Message History

The gnoll barely misses you.
The gnoll shaman calls upon its god to speed up something.
You hear a shout!
Casting: Scorch (safe; 3% risk of failure)
Press: ? - help, Q - select action, (/) - cycle Dir - look around, f - activate Flames lash the gnoll.
You kill the gnoll!
Unknown command.
You start resting.
A gnoll comes into view. It is wielding a +0 club.
Casting: Scorch (safe; 3% risk of failure)
Press: ? - help, Q - select action, (/) - cycle Dir - look around, f - activate Flames lash the hobgoblin.
You kill the hobgoblin!
The gnoll shaman calls upon its god to speed up something.
You hear a shout!
Casting: Scorch (safe; 3% risk of failure)
Press: ? - help, Q - select action, (/) - cycle Dir - look around, f - activate Flames lash the gnoll shaman.
The gnoll shaman is severely wounded.
The gnoll shaman's fire resistance burns away.
A gnoll comes into view. It is wielding a +0 spear.
Casting: Scorch (safe; 3% risk of failure)
Press: ? - help, Q - select action, (/) - cycle Dir - look around, f - activate Flames lash the gnoll shaman.
The gnoll shaman is burned terribly!
The gnoll shaman is almost dead.
Unknown command.
The gnoll shaman attacks as you move away!
The gnoll shaman barely misses you. The gnoll attacks as you move away!
The gnoll hits you with a +0 club.
* * * LOW HITPOINT WARNING * * *
The gnoll attacks as you move away! The gnoll hits you with a +0 club.
* * * LOW HITPOINT WARNING * * *
Casting: Scorch (safe; 3% risk of failure)
Press: ? - help, Q - select action, (/) - cycle Dir - look around, f - activate Flames lash the gnoll shaman.
The gnoll shaman is burned terribly!
You kill the gnoll shaman!
The gnoll barely misses you.
The gnoll hits you from afar with a +0 spear.
You die...

##....#≈≈≈≈#..#####.##
###...... ##.....#≈≈≈≈#..#
#..# ##....#
..)....##≈≈##..# ##.##
##..## ........#≈≈#...#
##..#####..##
###...#.'##'...#
###......#..## #
#.#.##......####...###....##
####.#........g##..###
##...# #.......###....g..##
##...# ..#....#.)[.####@>###
##....##### ########.#..#
#....###.......... # ###.##
#................. ##.
#..##.......##..### ##
#..####...###...# ##.#
#...###...## #.###
#...##.....##
#...###...(.......#
##..................


You could see 2 gnolls.

Vanquished Creatures
  A kobold brigand (Sewer)
  A scorpion (D:4)
  2 gnoll shamans (D:4)
  4 adders
  5 gnolls (D:4)
  3 river rats
  3 dart slugs
  An orc (D:3)
  2 bats (D:1)
  3 endoplasms
  5 giant cockroaches
  8 goblins
  7 hobgoblins
  10 jackals
  7 ball pythons
  2 frilled lizards
  9 kobolds
  6 rats
  A spectral orc (D:3)
80 creatures vanquished.

Vanquished Creatures (others)
  52 foxfires (D:1)
52 creatures vanquished.

Grand Total: 132 creatures vanquished

Notes
Turn   | Place    | Note
-------+----------+-------------------------------------------
     0 | D:1      | Ajdolov the Ogre Fire Elementalist began the quest for the
                  | Orb.
     0 | D:1      | Reached XP level 1. HP: 16/16 MP: 3/3
   358 | D:1      | Reached XP level 2. HP: 20/24 MP: 1/5
   809 | D:1      | Reached XP level 3. HP: 29/31 MP: 3/6
  1041 | D:1      | Learned a level 2 spell: Scorch
  1210 | D:2      | Found a faded altar of an unknown god.
  1590 | D:2      | Reached skill level 1 in Fighting
  1590 | D:2      | Reached XP level 4. HP: 41/41 MP: 2/8
  1664 | D:2      | You fall into a shaft and drop 1 floor!
  2131 | D:3      | Found a hazy altar of Hepliaklqana.
  2335 | D:3      | Found a glowing golden altar of the Shining One.
  3098 | D:3      | Found a shadowy altar of Dithmenos.
  3274 | D:3      | Found a basalt altar of Yredelemnul.
  3599 | D:4      | Found Bigihyadd's Jewellery Shoppe.
  3708 | D:4      | Reached XP level 5. HP: 50/50 MP: 0/10
  3737 | D:4      | Found a glowing drain.
  3785 | Sewer    | Entered a sewer
  3915 | Sewer    | Noticed a kobold brigand
  3954 | Sewer    | Killed a kobold brigand
  4094 | Sewer    | Found a white marble altar of Elyvilon.
  4286 | D:4      | Reached XP level 6. HP: 55/61 MP: 0/12
  5066 | D:4      | HP: 1/62 [gnoll/+0 club (6)]
  5067 | D:4      | Slain by a gnoll

Illustrated notes

Levels and vault maps discovered:
D:1:      minmay_arrival_wavy_path, layout_basic, st_stairs_5
D:2:      layout_loops_ring, shapermc_ecumenical_altar_mp_vishouse
D:3:      layout_basic, nicolae_tso_carved_into_rock,
          grunt_dithmenos_smoke_and_mirrors, nzn_hepliaklqana_mist_gate,
          yredelemnul_forgotten_temple_becter
D:4:      layout_layer_cave, gup_sewer_entry_bowl, serial_shops,
          nicolae_shop_hallway_stairs, serial_forest,
          infiniplex_forest_lined_corner, infiniplex_forest_clump_tiny,
          infiniplex_forest_straight_3, infiniplex_forest_end_2,
          infiniplex_forest_clump_curved, amcnicky_mini_rare_corridor_liquid,
          corner_web_ring, minmay_bisected

Skill      XL: |  1  2  3  4  5  6 |
---------------+-------------------+-----
Fire Magic     | 3 4 |  4.6
Fighting       | 1 2 3 4 |  4.3
Spellcasting   | 3 4 |  4.5
Dodging        | |  1.7
Stealth        | |  1.4
Conjurations   | |  0.8

Action                   |  1- 3 |  4- 6 || total
-------------------------+-------+-------++-------
Melee: Unarmed           |    11 |       ||    11
       Dagger            |    24 |    68 ||    92
 Cast: Foxfire           |    31 |       ||    31
       Scorch            |    12 |    69 ||    81
  Use: Potion            |       |     1 ||     1
Armor: Robe              |    30 |    57 ||    87
Dodge: Dodged            |    40 |    82 ||   122

Table legend: (Time is in decaauts)
 A = Elapsed time spent in this place.
 B = Non-inter-level travel time spent in this place.
 C = Inter-level travel time spent in this place.
 D = Time resting spent in this place.
 E = Time spent auto-exploring this place.
 F = Levels seen in this place.
 G = Mean time per level.
                   A        B        C        D        E       F      G
               +--------+--------+--------+--------+--------+-----+--------+
         Total |   5120 |   5042 |     78 |    459 |   3714 |   5 | 1024.0 |
       Dungeon |   4720 |   4642 |     78 |    390 |   3474 |   4 | 1180.0 |
         Sewer |    400 |    400 |      0 |     69 |    240 |   1 |  400.0 |
               +--------+--------+--------+--------+--------+-----+--------+

Top non-repeatable levels by time:
     D:3: 1585 daAuts
     D:4: 1135 daAuts
     D:1: 1041 daAuts
     D:2: 958 daAuts
   Sewer: 400 daAuts
